 Dungeon Crawl Stone Soup version 0.18.1-5-g4a78601 (webtiles) character file.

256 Ingvold the Skirmisher (level 6, 0/56 HPs)
             Began as a Hill Orc Fighter on May 12, 2016.
             Slain by an ogre
             ... wielding a +0 giant club
              (24 damage)
             ... on level 4 of the Dungeon.
             The game lasted 00:09:25 (1774 turns).

Ingvold the Skirmisher (Hill Orc Fighter)           Turns: 1774, Time: 00:09:26

Health: 0/56       AC:  9    Str: 21    XL:     6   Next: 16%
Magic:  6/6        EV:  7    Int:  8    God:
Gold:   141        SH: 10    Dex: 10    Spells: 0 memorised, 5 levels left

rFire  . . .     SeeInvis .     a - +1 war axe
rCold  . . .     Gourm    .     b - +0 scale mail
rNeg   . . .     Faith    .     c - +1 shield
rPois  .         Spirit   .     p - +0 helmet
rElec  .         Dismiss  .     (no cloak)
rCorr  .         Reflect  .     q - +0 pair of gloves
SustAt .         Harm     .     (no boots)
MR     .....                    (no amulet)
Stlth  ..........               (no ring)
                                (no ring)

@: not resistant to hostile enchantments, extremely unstealthy
A: no striking features
a: no special abilities


You were on level 4 of the Dungeon.
You were not hungry.

You visited 1 branch of the dungeon, and saw 4 of its levels.

You collected 141 gold pieces.

Inventory:

Hand Weapons
 a - a +1 war axe (weapon)
 s - a +1 mace of protection
Armour
 b - a +0 scale mail (worn)
 c - a +1 shield (worn)
 p - a +0 helmet (worn)
 q - a +0 pair of gloves (worn)
Scrolls
 e - a scroll of fog {unknown}
 t - a scroll of identify
Potions
 d - a potion of might
 h - 2 potions of haste {unknown}
 j - a potion of cancellation
 l - a potion of lignification {unknown}
 m - 2 potions of agility {unknown}
 n - 2 potions of flight {unknown}
 o - 3 potions of curing
 r - 2 potions of heal wounds {unknown}
 u - 2 potions of magic {unknown}
Comestibles
 f - 2 bread rations
 g - 4 fruits
 i - a beef jerky
 k - 2 meat rations
 v - a chunk of flesh


   Skills:
 + Level 5.0 Fighting
 + Level 4.5 Axes
 + Level 4.5 Armour
 + Level 4.9 Shields


You had 5 spell levels left.
You didn't know any spells.

Dungeon Overview and Level Annotations

Branches:
Dungeon (4/15)
 Temple: D:4-7

Altars:
Trog


Message History

There is a stone staircase leading up here.
You spend a moment contemplating the meaning of life.
An ogre comes into view. It is wielding a giant club.
The ogre shouts!
You hit the ogre.
The ogre is lightly wounded.
The ogre hits you with a giant club!
Your shield and scale mail prevent you from hitting the ogre.
The ogre is lightly wounded.
The ogre hits you but does no damage.
You slash the ogre!
The ogre is severely wounded.
The ogre hits you with a giant club!
You barely miss the ogre.
The ogre is severely wounded.
The ogre hits you with a giant club!
You barely miss the ogre.
The ogre is severely wounded.
The ogre hits you with a giant club!!
You die...

.############
............#
........^...#
............#
............#
.......=O...#
........@...#
............#
............#
............+
.........<..#
#######.....#
###.### ###


You could see an ogre.

Vanquished Creatures
  An ogre (D:3)
  An orc priest (D:3)
  6 adders
  A worm (D:3)
  A dart slug (D:1)
  2 giant geckos
  11 orcs (D:3)
  4 giant cockroaches
  15 goblins
  7 hobgoblins
  2 jackals (D:1)
  A quokka (D:2)
  A ball python (D:3)
  10 bats
  3 giant newts
  A kobold (D:1)
  10 rats
77 creatures vanquished.

Notes
Turn   | Place    | Note
--------------------------------------------------------------
     0 | D:1      | Ingvold the Hill Orc Fighter began the quest for the Orb.
     0 | D:1      | Reached XP level 1. HP: 19/19 MP: 1/1
   179 | D:1      | Reached XP level 2. HP: 24/27 MP: 2/2
   393 | D:1      | Reached skill level 4 in Fighting
   586 | D:1      | Reached XP level 3. HP: 29/33 MP: 3/3
  1007 | D:2      | Reached XP level 4. HP: 31/40 MP: 4/4
  1353 | D:3      | Reached XP level 5. HP: 28/47 MP: 5/5
  1512 | D:3      | Found a bloodstained altar of Trog.
  1618 | D:3      | Noticed an ogre
  1632 | D:3      | Killed an ogre
  1632 | D:3      | Reached skill level 5 in Fighting
  1632 | D:3      | Reached XP level 6. HP: 38/56 MP: 6/6
  1774 | D:4      | Slain by an ogre

Skill      XL: |  1  2  3  4  5 |
---------------+----------------+-----
Fighting       | 4 5 |  5.0
Axes           | 3 4 |  4.5
Armour         | 4 |  4.5
Shields        | 4 |  4.9

Action                   |  1- 3 |  4- 6 || total
-------------------------+-------+-------++-------
Melee: War axe           |   110 |   114 ||   224
  Use: Scroll            |       |     7 ||     7
       Potion            |       |     1 ||     1
  Eat: Chunk             |     1 |     2 ||     3
Armor: Scale mail        |    62 |    54 ||   116
Dodge: Dodged            |    34 |    32 ||    66
Block: Shield            |    56 |    71 ||   127
